2890 views
Uploaded 2020-01-29 17:24:20
Game version 1.32 / 1.32.1
66:00 long 4on4 ladder game on (8)TwilightRuins_LV
Saved by BEARAND
2890 views
Uploaded 2020-01-29 17:24:20
Game version 1.32 / 1.32.1
66:00 long 4on4 ladder game on (8)TwilightRuins_LV


285 units @ 53.4k
/ 11.8k
127 buildings @ 14.6k
/ 7k



| Rod of Necromancy | 3 | 450 |
| Potion of Healing | 2 | 300 |
| Orb of Corruption | 1 | 375 |
| Scroll of Town Portal | 1 | 350 |
| Potion of Lesser Invulnerability | 1 | 150 |
| total: | 8 | 1625g |
| Acolyte | 8 | 600 | / | 0 |
| Ghoul | 4 | 480 | / | 0 |
| Crypt Fiend | 8 | 1720 | / | 320 |
| Obsidian Statue | 11 | 2200 | / | 385 |
| Meat Wagon | 7 | 1610 | / | 350 |
| Goblin Zeppelin | 1 | 240 | / | 60 |
| total: | 39 | 6850g | / | 1115w |
| Crypt | 2 | 400 | / | 100 |
| Graveyard | 1 | 215 | / | 0 |
| Ziggurat | 9 | 1350 | / | 450 |
| Altar of Darkness | 1 | 180 | / | 50 |
| Tomb of Relics | 1 | 130 | / | 30 |
| Necropolis | 1 | 225 | / | 0 |
| Slaughterhouse | 2 | 280 | / | 270 |
| Sacrificial Pit | 1 | 75 | / | 150 |
| Halls of the Dead | 1 | 320 | / | 210 |
| Black Citadel | 1 | 325 | / | 230 |
| total: | 18 | 2855g | / | 1050w |
| 0:07 | Acolyte |
| 0:14 | Crypt |
| 0:18 | Crypt |
| 0:24 | Acolyte |
| 0:41 | Graveyard |
| 0:57 | Ziggurat |
| 1:01 | Altar of Darkness |
| 1:20 | Ghoul |
| 1:48 | Ghoul |
| 2:02 | Crypt Fiend |
| 2:06 | Ziggurat |
| 2:16 | Tomb of Relics |
| 2:56 | Crypt Fiend |
| 3:09 | Death Coil |
| 3:14 | Crypt Fiend |
| 3:23 | Rod of Necromancy |
| 4:09 | Halls of the Dead |
| 4:31 | Crypt Fiend |
| 4:33 | Ziggurat |
| 5:23 | Unholy Aura |
| 5:39 | Crypt Fiend |
| 6:03 | Rod of Necromancy |
| 6:11 | Crypt Fiend |
| 6:13 | Ziggurat |
| 6:16 | Ziggurat |
| 7:08 | Death Coil |
| 7:15 | Crypt Fiend |
| 7:22 | Acolyte |
| 7:28 | Necropolis |
| 8:10 | Potion of Healing |
| 8:13 | Rod of Necromancy |
| 8:17 | Frost Nova |
| 8:34 | Acolyte |
| 8:34 | Acolyte |
| 8:35 | Acolyte |
| 8:35 | Acolyte |
| 8:39 | Creature Attack |
| 8:47 | Web |
| 9:47 | Frost Armor |
| 9:56 | Burrow |
| 9:58 | Black Citadel |
| 10:34 | Unholy Aura |
| 10:48 | Slaughterhouse |
| 10:49 | Slaughterhouse |
| 11:17 | Goblin Zeppelin |
| 11:29 | Ghoul |
| 11:31 | Ghoul |
| 11:32 | Creature Carapace |
| 12:01 | Obsidian Statue |
| 12:19 | Orb of Corruption |
| 12:21 | Ziggurat |
| 12:28 | Acolyte |
| 12:32 | Sacrificial Pit |
| 13:08 | Destroyer Form |
| 13:09 | Obsidian Statue |
| 14:18 | Ziggurat |
| 14:19 | Ziggurat |
| 14:21 | Ziggurat |
| 14:27 | Obsidian Statue |
| 16:32 | Impale |
| 17:03 | Crypt Fiend |
| 17:10 | Obsidian Statue |
| 17:10 | Obsidian Statue |
| 17:10 | Obsidian Statue |
| 17:16 | Frost Nova |
| 18:31 | Obsidian Statue |
| 18:40 | Dark Ritual |
| 19:23 | Obsidian Statue |
| 19:23 | Obsidian Statue |
| 19:35 | Frost Nova |
| 20:28 | Obsidian Statue |
| 20:28 | Obsidian Statue |
| 22:10 | Improved Creature Attack |
| 22:13 | Scroll of Town Portal |
| 22:17 | Potion of Healing |
| 23:48 | Spiked Carapace |
| 24:36 | Death Coil |
| 25:03 | Improved Creature Carapace |
| 25:11 | Frost Armor |
| 25:51 | Potion of Lesser Invulnerability |
| 28:25 | Impale |
| 29:07 | Advanced Creature Attack |
| 32:32 | Unholy Aura |
| 32:47 | Spiked Carapace |
| 33:55 | Meat Wagon |
| 33:56 | Meat Wagon |
| 33:57 | Meat Wagon |
| 34:59 | Meat Wagon |
| 37:17 | Meat Wagon |
| 37:49 | Meat Wagon |
| 43:16 | Meat Wagon |
| Right click | 2747 |
| Select group | 1853 |
| Select | 737 |
| Misc. action | 142 |
| Build/train/purchase | 139 |
| Use ability | 101 |
| Resource trade | 38 |
| Assign group | 37 |
| Chat | 9 |
| Item give/drop | 3 |


| Orb of Fire | 1 | 325 |
| Potion of Healing | 1 | 150 |
| Scroll of Town Portal | 1 | 350 |
| total: | 3 | 825g |
| Peasant | 24 | 1800 | / | 0 |
| Footman | 8 | 1080 | / | 0 |
| Rifleman | 6 | 1230 | / | 180 |
| Knight | 37 | 9065 | / | 2220 |
| Priest | 1 | 135 | / | 10 |
| Siege Engine | 11 | 2145 | / | 660 |
| total: | 87 | 15455g | / | 3070w |
| Scout Tower | 14 | 420 | / | 280 |
| Arcane Tower | 1 | 70 | / | 50 |
| Guard Tower | 12 | 840 | / | 600 |
| Farm | 11 | 880 | / | 220 |
| Altar of Kings | 1 | 180 | / | 50 |
| Barracks | 4 | 640 | / | 240 |
| Blacksmith | 1 | 140 | / | 60 |
| Lumber Mill | 2 | 240 | / | 0 |
| Town Hall | 4 | 1540 | / | 820 |
| Arcane Vault | 2 | 260 | / | 60 |
| Arcane Sanctum | 1 | 150 | / | 140 |
| Workshop | 2 | 280 | / | 280 |
| Keep | 1 | 320 | / | 210 |
| Castle | 1 | 360 | / | 210 |
| total: | 42 | 4730g | / | 2150w |
| 0:07 | Farm |
| 0:08 | Peasant |
| 0:12 | Peasant |
| 0:28 | Altar of Kings |
| 0:33 | Peasant |
| 0:49 | Farm |
| 0:57 | Peasant |
| 1:20 | Peasant |
| 1:28 | Barracks |
| 1:47 | Peasant |
| 2:06 | Farm |
| 2:08 | Scout Tower |
| 2:14 | Farm |
| 2:21 | Blacksmith |
| 2:31 | Footman |
| 2:32 | Footman |
| 3:04 | Footman |
| 3:10 | Arcane Tower |
| 3:19 | Footman |
| 3:22 | Storm Bolt |
| 3:51 | Footman |
| 3:57 | Keep |
| 4:39 | Rifleman |
| 4:46 | Bash |
| 4:50 | Iron Forged Swords |
| 4:52 | Rifleman |
| 5:08 | Scout Tower |
| 5:32 | Lumber Mill |
| 5:43 | Farm |
| 5:47 | Farm |
| 5:53 | Rifleman |
| 5:56 | Iron Plating |
| 6:22 | Guard Tower |
| 6:38 | Improved Lumber Harvesting |
| 6:54 | Black Gunpowder |
| 6:58 | Rifleman |
| 7:05 | Footman |
| 7:18 | Scout Tower |
| 7:25 | Blizzard |
| 8:33 | Brilliance Aura |
| 8:38 | Steel Forged Swords |
| 8:41 | Peasant |
| 8:49 | Town Hall |
| 8:53 | Improved Masonry |
| 8:55 | Guard Tower |
| 9:01 | Footman |
| 9:05 | Barracks |
| 9:59 | Castle |
| 10:44 | Storm Bolt |
| 11:10 | Steel Plating |
| 11:13 | Advanced Masonry |
| 11:28 | Scout Tower |
| 12:27 | Animal War Training |
| 12:35 | Peasant |
| 12:35 | Peasant |
| 12:40 | Farm |
| 12:43 | Farm |
| 12:58 | Peasant |
| 12:58 | Peasant |
| 12:59 | Peasant |
| 13:01 | Guard Tower |
| 13:06 | Scout Tower |
| 13:10 | Scout Tower |
| 13:14 | Peasant |
| 13:25 | Farm |
| 13:32 | Guard Tower |
| 13:37 | Long Rifles |
| 13:40 | Knight |
| 13:46 | Studded Leather Armor |
| 14:04 | Guard Tower |
| 14:15 | Scout Tower |
| 15:27 | Knight |
| 16:14 | Summon Water Elemental |
| 16:52 | Knight |
| 17:46 | Knight |
| 17:46 | Knight |
| 17:47 | Knight |
| 18:40 | Footman |
| 18:44 | Bash |
| 19:39 | Peasant |
| 19:39 | Peasant |
| 19:39 | Peasant |
| 19:39 | Peasant |
| 19:46 | Knight |
| 19:46 | Knight |
| 20:05 | Guard Tower |
| 20:35 | Mithril Forged Swords |
| 20:44 | Scout Tower |
| 20:54 | Knight |
| 20:57 | Peasant |
| 21:09 | Peasant |
| 21:19 | Peasant |
| 21:24 | Guard Tower |
| 21:41 | Scout Tower |
| 21:43 | Scout Tower |
| 21:56 | Mithril Plating |
| 22:08 | Guard Tower |
| 23:05 | Blizzard |
| 24:08 | Guard Tower |
| 24:10 | Knight |
| 24:11 | Knight |
| 24:11 | Knight |
| 24:11 | Knight |
| 24:11 | Knight |
| 24:14 | Barracks |
| 24:32 | Lumber Mill |
| 24:53 | Knight |
| 24:59 | Barracks |
| 25:05 | Arcane Sanctum |
| 25:23 | Knight |
| 25:24 | Knight |
| 25:28 | Farm |
| 25:30 | Farm |
| 26:05 | Knight |
| 26:05 | Knight |
| 26:05 | Knight |
| 26:12 | Knight |
| 28:26 | Knight |
| 29:32 | Knight |
| 29:33 | Knight |
| 30:16 | Town Hall |
| 30:32 | Storm Bolt |
| 31:48 | Town Hall |
| 32:53 | Brilliance Aura |
| 36:26 | Knight |
| 36:44 | Scout Tower |
| 37:06 | Avatar |
| 38:31 | Blizzard |
| 38:37 | Guard Tower |
| 38:41 | Scout Tower |
| 39:57 | Knight |
| 39:58 | Knight |
| 40:09 | Town Hall |
| 40:36 | Advanced Lumber Harvesting |
| 40:37 | Imbued Masonry |
| 40:42 | Scout Tower |
| 40:52 | Knight |
| 40:57 | Knight |
| 40:59 | Knight |
| 41:00 | Knight |
| 41:15 | Arcane Vault |
| 42:05 | Guard Tower |
| 42:13 | Arcane Vault |
| 42:27 | Knight |
| 42:51 | Knight |
| 42:58 | Priest |
| 42:58 | Priest Adept Training |
| 43:46 | Workshop |
| 43:47 | Workshop |
| 43:55 | Refined Gunpowder |
| 43:55 | Reinforced Leather Armor |
| 44:04 | Scroll of Town Portal |
| 44:05 | Orb of Fire |
| 44:07 | Potion of Healing |
| 46:28 | Siege Engine |
| 46:29 | Siege Engine |
| 46:29 | Siege Engine |
| 46:30 | Siege Engine |
| 46:30 | Siege Engine |
| 46:34 | Scout Tower |
| 47:26 | Guard Tower |
| 50:39 | Siege Engine |
| 50:39 | Siege Engine |
| 50:39 | Siege Engine |
| 50:39 | Siege Engine |
| 50:40 | Siege Engine |
| 50:41 | Siege Engine |
| 52:37 | Knight |
| 52:38 | Knight |
| 52:59 | Peasant |
| 52:59 | Peasant |
| 54:44 | Rifleman |
| 54:44 | Rifleman |
| 56:48 | Peasant |
| 56:48 | Peasant |
| 58:22 | Knight |
| 58:22 | Knight |
| 59:46 | Bash |
| Right click | 1265 |
| Select | 666 |
| Select group | 267 |
| Misc. action | 184 |
| Build/train/purchase | 163 |
| Use ability | 72 |
| Assign group | 45 |
| Resource trade | 29 |
| Remove unit | 14 |
| Chat | 4 |
| Item give/drop | 2 |
| Esc | 1 |
| Minimap ping | 1 |


| Rod of Necromancy | 1 | 150 |
| Potion of Healing | 4 | 600 |
| Scroll of Town Portal | 2 | 700 |
| Scroll of Healing | 4 | 1000 |
| total: | 11 | 2450g |
| Acolyte | 7 | 525 | / | 0 |
| Ghoul | 5 | 600 | / | 0 |
| Crypt Fiend | 11 | 2365 | / | 440 |
| Frost Wyrm | 26 | 10010 | / | 3120 |
| Meat Wagon | 2 | 460 | / | 100 |
| total: | 51 | 13960g | / | 3660w |
| Spirit Tower | 3 | 435 | / | 120 |
| Crypt | 1 | 200 | / | 50 |
| Ziggurat | 9 | 1350 | / | 450 |
| Altar of Darkness | 1 | 180 | / | 50 |
| Tomb of Relics | 1 | 130 | / | 30 |
| Graveyard | 1 | 215 | / | 0 |
| Sacrificial Pit | 2 | 150 | / | 300 |
| Slaughterhouse | 2 | 280 | / | 270 |
| Boneyard | 4 | 700 | / | 800 |
| Halls of the Dead | 1 | 320 | / | 210 |
| Black Citadel | 1 | 325 | / | 230 |
| total: | 21 | 3205g | / | 1950w |
| 0:05 | Acolyte |
| 0:05 | Acolyte |
| 0:09 | Crypt |
| 0:14 | Ziggurat |
| 0:40 | Altar of Darkness |
| 1:09 | Tomb of Relics |
| 1:16 | Ziggurat |
| 1:36 | Graveyard |
| 1:40 | Ghoul |
| 1:58 | Ghoul |
| 2:06 | Ghoul |
| 2:18 | Ghoul |
| 2:42 | Ghoul |
| 2:46 | Rod of Necromancy |
| 2:52 | Death Coil |
| 3:07 | Creature Carapace |
| 3:34 | Crypt Fiend |
| 3:42 | Crypt Fiend |
| 4:02 | Creature Attack |
| 4:31 | Ziggurat |
| 4:44 | Ziggurat |
| 5:04 | Halls of the Dead |
| 5:22 | Unholy Aura |
| 5:54 | Crypt Fiend |
| 5:57 | Spirit Tower |
| 6:05 | Crypt Fiend |
| 7:20 | Crypt Fiend |
| 7:24 | Improved Creature Carapace |
| 7:30 | Spirit Tower |
| 7:31 | Crypt Fiend |
| 7:31 | Web |
| 8:02 | Death Coil |
| 8:34 | Black Citadel |
| 8:37 | Sacrificial Pit |
| 8:42 | Ziggurat |
| 8:49 | Improved Creature Attack |
| 9:28 | Crypt Fiend |
| 10:56 | Boneyard |
| 11:13 | Unholy Aura |
| 11:22 | Boneyard |
| 11:29 | Ziggurat |
| 11:36 | Advanced Creature Carapace |
| 12:22 | Frost Wyrm |
| 12:27 | Silence |
| 12:37 | Frost Wyrm |
| 12:46 | Ziggurat |
| 13:20 | Freezing Breath |
| 13:38 | Frost Wyrm |
| 14:14 | Ziggurat |
| 15:04 | Frost Wyrm |
| 15:12 | Scroll of Town Portal |
| 17:37 | Life Drain |
| 17:42 | Frost Wyrm |
| 17:43 | Frost Wyrm |
| 17:49 | Ziggurat |
| 17:57 | Unholy Aura |
| 19:01 | Frost Wyrm |
| 19:59 | Frost Wyrm |
| 20:30 | Potion of Healing |
| 21:56 | Advanced Creature Attack |
| 23:48 | Silence |
| 24:10 | Frost Wyrm |
| 24:24 | Life Drain |
| 25:21 | Frost Wyrm |
| 25:25 | Crypt Fiend |
| 25:25 | Crypt Fiend |
| 27:00 | Scroll of Healing |
| 27:07 | Frost Wyrm |
| 28:35 | Potion of Healing |
| 29:00 | Acolyte |
| 29:30 | Frost Wyrm |
| 29:38 | Scroll of Town Portal |
| 29:48 | Scroll of Healing |
| 29:49 | Scroll of Healing |
| 31:50 | Animate Dead |
| 32:16 | Frost Wyrm |
| 32:36 | Scroll of Healing |
| 34:05 | Silence |
| 34:12 | Acolyte |
| 35:30 | Acolyte |
| 35:30 | Acolyte |
| 35:31 | Acolyte |
| 38:16 | Frost Wyrm |
| 39:09 | Frost Wyrm |
| 40:25 | Frost Wyrm |
| 43:59 | Slaughterhouse |
| 44:04 | Slaughterhouse |
| 45:21 | Meat Wagon |
| 45:31 | Frost Wyrm |
| 46:28 | Meat Wagon |
| 47:41 | Crypt Fiend |
| 47:44 | Crypt Fiend |
| 47:48 | Frost Wyrm |
| 49:22 | Potion of Healing |
| 49:26 | Potion of Healing |
| 49:47 | Frost Wyrm |
| 51:22 | Spirit Tower |
| 52:18 | Frost Wyrm |
| 53:57 | Frost Wyrm |
| 55:50 | Frost Wyrm |
| 56:46 | Sacrificial Pit |
| 57:22 | Boneyard |
| 57:25 | Boneyard |
| 59:42 | Frost Wyrm |
| 60:53 | Frost Wyrm |
| 61:08 | Frost Wyrm |
| 62:29 | Frost Wyrm |
| Right click | 835 |
| Select | 596 |
| Build/train/purchase | 106 |
| Use ability | 45 |
| Resource trade | 30 |
| Chat | 28 |
| Minimap ping | 11 |
| Esc | 4 |
| Remove unit | 3 |
| Misc. action | 1 |
| Item give/drop | 1 |



| Circlet of Nobility | 1 | 175 |
| Claws of Attack +6 | 1 | 125 |
| Ring of Protection +3 | 1 | 125 |
| Claws of Attack +9 | 1 | 300 |
| total: | 4 | 725g |
| Peasant | 34 | 2550 | / | 0 |
| Footman | 7 | 945 | / | 0 |
| Rifleman | 6 | 1230 | / | 180 |
| Gryphon Rider | 15 | 4200 | / | 1050 |
| Dragonhawk Rider | 5 | 1000 | / | 150 |
| Flying Machine | 6 | 600 | / | 180 |
| Mortar Team | 30 | 5400 | / | 2100 |
| Knight | 4 | 980 | / | 240 |
| Siege Engine | 1 | 195 | / | 60 |
| total: | 108 | 17100g | / | 3960w |
| Scout Tower | 24 | 720 | / | 480 |
| Guard Tower | 6 | 420 | / | 300 |
| Altar of Kings | 1 | 180 | / | 50 |
| Farm | 12 | 960 | / | 240 |
| Barracks | 1 | 160 | / | 60 |
| Blacksmith | 1 | 140 | / | 60 |
| Lumber Mill | 1 | 120 | / | 0 |
| Arcane Vault | 1 | 130 | / | 30 |
| Town Hall | 3 | 1155 | / | 615 |
| Gryphon Aviary | 1 | 140 | / | 150 |
| Workshop | 1 | 140 | / | 140 |
| Keep | 1 | 320 | / | 210 |
| Castle | 1 | 360 | / | 210 |
| total: | 46 | 3845g | / | 1825w |
| 0:04 | Peasant |
| 0:04 | Peasant |
| 0:04 | Peasant |
| 0:07 | Altar of Kings |
| 0:10 | Farm |
| 0:19 | Peasant |
| 0:42 | Barracks |
| 0:54 | Peasant |
| 1:22 | Blacksmith |
| 1:27 | Lumber Mill |
| 1:29 | Peasant |
| 1:38 | Farm |
| 1:58 | Farm |
| 2:08 | Footman |
| 2:11 | Footman |
| 2:18 | Storm Bolt |
| 2:26 | Farm |
| 2:35 | Peasant |
| 2:35 | Peasant |
| 2:47 | Peasant |
| 3:14 | Farm |
| 3:19 | Rifleman |
| 3:31 | Peasant |
| 3:31 | Peasant |
| 3:52 | Rifleman |
| 4:14 | Farm |
| 4:19 | Rifleman |
| 5:26 | Rifleman |
| 5:28 | Footman |
| 5:37 | Bash |
| 5:53 | Arcane Vault |
| 6:02 | Peasant |
| 6:02 | Peasant |
| 6:57 | Keep |
| 7:12 | Defend |
| 7:15 | Black Gunpowder |
| 7:17 | Iron Plating |
| 7:20 | Iron Forged Swords |
| 7:40 | Farm |
| 8:03 | Footman |
| 8:06 | Footman |
| 8:06 | Rifleman |
| 8:52 | Claws of Attack +6 |
| 9:07 | Ring of Protection +3 |
| 9:29 | Storm Bolt |
| 9:44 | Footman |
| 9:44 | Footman |
| 9:44 | Long Rifles |
| 9:45 | Rifleman |
| 9:54 | Gryphon Aviary |
| 10:15 | Scout Tower |
| 10:18 | Scout Tower |
| 10:53 | Castle |
| 11:04 | Scout Tower |
| 11:07 | Scout Tower |
| 11:21 | Thunder Clap |
| 11:30 | Workshop |
| 11:39 | Scout Tower |
| 11:41 | Scout Tower |
| 11:46 | Scout Tower |
| 12:15 | Holy Light |
| 12:36 | Scout Tower |
| 12:38 | Scout Tower |
| 12:39 | Scout Tower |
| 12:41 | Scout Tower |
| 12:44 | Scout Tower |
| 12:56 | Farm |
| 13:02 | Guard Tower |
| 13:47 | Guard Tower |
| 13:50 | Scout Tower |
| 13:51 | Scout Tower |
| 13:53 | Scout Tower |
| 13:55 | Scout Tower |
| 13:58 | Scout Tower |
| 14:14 | Scout Tower |
| 14:29 | Scout Tower |
| 14:32 | Scout Tower |
| 14:35 | Scout Tower |
| 14:39 | Scout Tower |
| 14:49 | Town Hall |
| 15:11 | Guard Tower |
| 15:19 | Scout Tower |
| 15:22 | Scout Tower |
| 15:46 | Guard Tower |
| 16:34 | Gryphon Rider |
| 16:35 | Dragonhawk Rider |
| 16:35 | Dragonhawk Rider |
| 16:35 | Dragonhawk Rider |
| 17:42 | Gryphon Rider |
| 17:51 | Farm |
| 18:01 | Peasant |
| 18:01 | Peasant |
| 18:01 | Peasant |
| 18:14 | Guard Tower |
| 18:15 | Guard Tower |
| 18:39 | Farm |
| 20:00 | Gryphon Rider |
| 20:01 | Storm Hammers |
| 20:28 | Farm |
| 20:31 | Peasant |
| 20:31 | Peasant |
| 20:32 | Peasant |
| 20:32 | Peasant |
| 20:32 | Peasant |
| 20:37 | Peasant |
| 20:37 | Peasant |
| 20:37 | Peasant |
| 20:41 | Peasant |
| 20:41 | Peasant |
| 20:41 | Peasant |
| 20:41 | Peasant |
| 20:53 | Peasant |
| 20:53 | Peasant |
| 21:57 | Cloud |
| 21:58 | Gryphon Rider |
| 21:59 | Gryphon Rider |
| 22:03 | Studded Leather Armor |
| 22:16 | Flying Machine |
| 23:44 | Devotion Aura |
| 24:15 | Flying Machine |
| 24:15 | Flying Machine Bombs |
| 24:16 | Flak Cannons |
| 24:18 | Flying Machine |
| 24:20 | Gryphon Rider |
| 24:20 | Gryphon Rider |
| 24:20 | Dragonhawk Rider |
| 24:37 | Storm Bolt |
| 25:58 | Divine Shield |
| 26:42 | Circlet of Nobility |
| 26:58 | Claws of Attack +9 |
| 27:24 | Sundering Blades |
| 27:24 | Animal War Training |
| 27:27 | Flying Machine |
| 27:28 | Mortar Team |
| 27:29 | Fragmentation Shards |
| 27:29 | Flare |
| 27:30 | Mortar Team |
| 27:32 | Gryphon Rider |
| 27:32 | Gryphon Rider |
| 27:32 | Gryphon Rider |
| 27:34 | Mortar Team |
| 30:46 | Knight |
| 30:54 | Farm |
| 31:42 | Avatar |
| 31:45 | Devotion Aura |
| 33:23 | Flying Machine |
| 33:49 | Knight |
| 35:11 | Gryphon Rider |
| 35:12 | Dragonhawk Rider |
| 35:19 | Mortar Team |
| 35:52 | Mortar Team |
| 36:05 | Siege Engine |
| 38:49 | Town Hall |
| 39:12 | Mortar Team |
| 39:13 | Mortar Team |
| 40:41 | Mortar Team |
| 40:42 | Mortar Team |
| 42:15 | Town Hall |
| 42:54 | Mortar Team |
| 42:54 | Mortar Team |
| 42:54 | Mortar Team |
| 42:54 | Mortar Team |
| 42:54 | Mortar Team |
| 43:47 | Knight |
| 43:47 | Knight |
| 44:11 | Gryphon Rider |
| 45:01 | Peasant |
| 45:01 | Peasant |
| 45:02 | Peasant |
| 45:02 | Peasant |
| 45:25 | Mortar Team |
| 45:26 | Mortar Team |
| 49:07 | Mortar Team |
| 49:07 | Mortar Team |
| 49:08 | Flying Machine |
| 49:09 | Mortar Team |
| 49:09 | Mortar Team |
| 49:09 | Mortar Team |
| 50:30 | Mortar Team |
| 50:31 | Mortar Team |
| 50:31 | Mortar Team |
| 50:31 | Mortar Team |
| 50:31 | Mortar Team |
| 51:13 | Mortar Team |
| 51:19 | Gryphon Rider |
| 51:20 | Gryphon Rider |
| 51:20 | Gryphon Rider |
| 52:07 | Mortar Team |
| 52:07 | Mortar Team |
| 52:07 | Mortar Team |
| 52:47 | Summon Water Elemental |
| Right click | 1262 |
| Select | 600 |
| Build/train/purchase | 194 |
| Use ability | 40 |
| Misc. action | 19 |
| Resource trade | 11 |
| Item give/drop | 1 |
179 units @ 27.4k
/ 4.7k
325 buildings @ 19.5k
/ 9.9k


| Rod of Necromancy | 1 | 150 |
| Scroll of Town Portal | 2 | 700 |
| Scroll of Regeneration | 1 | 100 |
| total: | 4 | 950g |
| Acolyte | 7 | 525 | / | 0 |
| Ghoul | 6 | 720 | / | 0 |
| Crypt Fiend | 11 | 2365 | / | 440 |
| Obsidian Statue | 1 | 200 | / | 35 |
| Abomination | 10 | 2400 | / | 700 |
| Frost Wyrm | 3 | 1155 | / | 360 |
| Gargoyle | 9 | 1575 | / | 270 |
| total: | 47 | 8940g | / | 1805w |
| Ziggurat | 9 | 1350 | / | 450 |
| Crypt | 1 | 200 | / | 50 |
| Altar of Darkness | 1 | 180 | / | 50 |
| Tomb of Relics | 1 | 130 | / | 30 |
| Graveyard | 1 | 215 | / | 0 |
| Slaughterhouse | 2 | 280 | / | 270 |
| Sacrificial Pit | 1 | 75 | / | 150 |
| Boneyard | 2 | 350 | / | 400 |
| Halls of the Dead | 1 | 320 | / | 210 |
| Black Citadel | 1 | 325 | / | 230 |
| total: | 18 | 2780g | / | 1400w |
| 0:05 | Acolyte |
| 0:05 | Acolyte |
| 0:09 | Ziggurat |
| 0:13 | Crypt |
| 0:37 | Altar of Darkness |
| 1:15 | Ghoul |
| 1:15 | Ghoul |
| 1:22 | Ziggurat |
| 1:36 | Tomb of Relics |
| 2:19 | Ghoul |
| 2:20 | Ghoul |
| 3:11 | Rod of Necromancy |
| 3:21 | Death Coil |
| 3:27 | Graveyard |
| 3:49 | Ziggurat |
| 4:10 | Halls of the Dead |
| 4:50 | Crypt Fiend |
| 4:50 | Crypt Fiend |
| 5:18 | Crypt Fiend |
| 5:20 | Creature Attack |
| 5:55 | Crypt Fiend |
| 6:51 | Improved Creature Attack |
| 7:00 | Slaughterhouse |
| 7:02 | Slaughterhouse |
| 7:35 | Ziggurat |
| 7:37 | Ziggurat |
| 7:41 | Crypt Fiend |
| 7:41 | Web |
| 7:47 | Unholy Aura |
| 8:37 | Frost Nova |
| 8:43 | Obsidian Statue |
| 8:46 | Burrow |
| 8:49 | Crypt Fiend |
| 9:14 | Acolyte |
| 9:15 | Acolyte |
| 9:15 | Acolyte |
| 9:15 | Acolyte |
| 9:24 | Acolyte |
| 10:30 | Black Citadel |
| 10:35 | Frost Armor |
| 11:20 | Death Coil |
| 11:24 | Crypt Fiend |
| 11:25 | Crypt Fiend |
| 11:29 | Creature Carapace |
| 12:25 | Ziggurat |
| 12:25 | Ziggurat |
| 12:26 | Ziggurat |
| 12:56 | Abomination |
| 12:56 | Abomination |
| 12:57 | Disease Cloud |
| 13:17 | Abomination |
| 13:26 | Ghoul |
| 14:41 | Abomination |
| 14:41 | Abomination |
| 14:48 | Ghoul |
| 16:27 | Unholy Aura |
| 16:29 | Frost Nova |
| 18:00 | Frost Armor |
| 18:27 | Abomination |
| 18:27 | Abomination |
| 18:27 | Abomination |
| 18:27 | Abomination |
| 18:28 | Abomination |
| 19:27 | Crypt Fiend |
| 19:27 | Crypt Fiend |
| 19:27 | Crypt Fiend |
| 19:48 | Frost Nova |
| 20:15 | Sacrificial Pit |
| 20:48 | Death Coil |
| 20:50 | Unholy Armor |
| 21:15 | Boneyard |
| 21:16 | Boneyard |
| 22:26 | Ziggurat |
| 24:23 | Frost Wyrm |
| 24:23 | Frost Wyrm |
| 24:23 | Frost Wyrm |
| 25:45 | Scroll of Regeneration |
| 25:51 | Scroll of Town Portal |
| 26:42 | Freezing Breath |
| 26:46 | Gargoyle |
| 28:55 | Gargoyle |
| 28:55 | Gargoyle |
| 28:55 | Gargoyle |
| 28:55 | Gargoyle |
| 28:55 | Gargoyle |
| 28:56 | Gargoyle |
| 29:27 | Scroll of Town Portal |
| 29:36 | Gargoyle |
| 29:36 | Gargoyle |
| 31:57 | Animate Dead |
| Right click | 353 |
| Chat | 351 |
| Select | 284 |
| Assign group | 163 |
| Select group | 138 |
| Misc. action | 123 |
| Build/train/purchase | 84 |
| Use ability | 49 |
| Minimap ping | 19 |
| Remove unit | 3 |

| Scroll of Regeneration | 1 | 100 |
| total: | 1 | 100g |
| Peasant | 22 | 1650 | / | 0 |
| Footman | 14 | 1890 | / | 0 |
| Rifleman | 22 | 4510 | / | 660 |
| Mortar Team | 13 | 2340 | / | 910 |
| Siege Engine | 13 | 2535 | / | 780 |
| total: | 84 | 12925g | / | 2350w |
| Scout Tower | 4 | 120 | / | 80 |
| Arcane Tower | 1 | 70 | / | 50 |
| Guard Tower | 2 | 140 | / | 100 |
| Barracks | 1 | 160 | / | 60 |
| Farm | 20 | 1600 | / | 400 |
| Altar of Kings | 1 | 180 | / | 50 |
| Blacksmith | 2 | 280 | / | 120 |
| Lumber Mill | 1 | 120 | / | 0 |
| Arcane Vault | 1 | 130 | / | 30 |
| Town Hall | 2 | 770 | / | 410 |
| Workshop | 2 | 280 | / | 280 |
| Keep | 1 | 320 | / | 210 |
| Castle | 1 | 360 | / | 210 |
| total: | 34 | 3640g | / | 1430w |
| 0:04 | Peasant |
| 0:04 | Peasant |
| 0:04 | Peasant |
| 0:04 | Peasant |
| 0:04 | Peasant |
| 0:17 | Barracks |
| 1:04 | Peasant |
| 1:04 | Peasant |
| 1:04 | Peasant |
| 1:25 | Farm |
| 1:26 | Farm |
| 1:27 | Farm |
| 1:28 | Farm |
| 1:29 | Farm |
| 1:50 | Altar of Kings |
| 2:17 | Footman |
| 2:39 | Footman |
| 3:24 | Blacksmith |
| 3:26 | Footman |
| 3:26 | Footman |
| 3:27 | Footman |
| 3:27 | Footman |
| 4:07 | Bash |
| 5:16 | Scout Tower |
| 5:55 | Storm Bolt |
| 6:10 | Scout Tower |
| 7:02 | Lumber Mill |
| 7:06 | Arcane Tower |
| 7:09 | Rifleman |
| 7:09 | Rifleman |
| 7:09 | Rifleman |
| 7:09 | Rifleman |
| 7:09 | Rifleman |
| 8:34 | Keep |
| 8:39 | Guard Tower |
| 8:52 | Arcane Vault |
| 9:01 | Farm |
| 9:02 | Farm |
| 9:02 | Farm |
| 9:05 | Farm |
| 9:06 | Farm |
| 9:09 | Farm |
| 9:26 | Storm Bolt |
| 10:14 | Blacksmith |
| 10:56 | Rifleman |
| 10:58 | Rifleman |
| 11:12 | Scout Tower |
| 11:14 | Scout Tower |
| 11:21 | Long Rifles |
| 11:29 | Footman |
| 11:29 | Footman |
| 11:29 | Footman |
| 11:29 | Footman |
| 11:29 | Footman |
| 12:31 | Black Gunpowder |
| 12:41 | Workshop |
| 13:08 | Town Hall |
| 13:18 | Farm |
| 13:19 | Farm |
| 13:21 | Farm |
| 13:22 | Farm |
| 13:23 | Farm |
| 13:24 | Farm |
| 13:44 | Mortar Team |
| 13:45 | Mortar Team |
| 13:45 | Mortar Team |
| 13:47 | Mortar Team |
| 13:47 | Mortar Team |
| 13:50 | Castle |
| 14:40 | Guard Tower |
| 15:26 | Rifleman |
| 15:26 | Rifleman |
| 16:36 | Thunder Clap |
| 17:39 | Footman |
| 17:39 | Footman |
| 17:39 | Footman |
| 17:39 | Rifleman |
| 17:41 | Rifleman |
| 17:41 | Rifleman |
| 17:41 | Rifleman |
| 17:42 | Rifleman |
| 17:50 | Storm Bolt |
| 18:28 | Rifleman |
| 18:28 | Rifleman |
| 19:46 | Peasant |
| 19:46 | Peasant |
| 19:49 | Peasant |
| 19:49 | Peasant |
| 20:08 | Siege Engine |
| 20:33 | Refined Gunpowder |
| 20:37 | Siege Engine |
| 20:41 | Mortar Team |
| 21:20 | Mortar Team |
| 21:20 | Mortar Team |
| 21:20 | Mortar Team |
| 21:28 | Farm |
| 21:29 | Farm |
| 21:30 | Farm |
| 21:41 | Avatar |
| 22:37 | Barrage |
| 22:40 | Mortar Team |
| 22:40 | Mortar Team |
| 22:40 | Mortar Team |
| 22:40 | Mortar Team |
| 24:13 | Siege Engine |
| 24:13 | Siege Engine |
| 24:13 | Siege Engine |
| 24:18 | Rifleman |
| 24:18 | Rifleman |
| 24:19 | Rifleman |
| 24:19 | Rifleman |
| 24:19 | Rifleman |
| 24:28 | Peasant |
| 24:28 | Peasant |
| 24:29 | Peasant |
| 24:29 | Peasant |
| 24:45 | Peasant |
| 24:45 | Peasant |
| 24:45 | Peasant |
| 24:45 | Peasant |
| 24:51 | Siege Engine |
| 24:54 | Rifleman |
| 25:12 | Imbued Gunpowder |
| 25:17 | Studded Leather Armor |
| 25:38 | Workshop |
| 26:39 | Peasant |
| 26:39 | Peasant |
| 26:51 | Siege Engine |
| 26:52 | Siege Engine |
| 28:51 | Siege Engine |
| 28:51 | Siege Engine |
| 28:51 | Siege Engine |
| 28:51 | Siege Engine |
| 29:13 | Scroll of Regeneration |
| 29:30 | Siege Engine |
| 32:54 | Town Hall |
| Right click | 507 |
| Select | 231 |
| Build/train/purchase | 108 |
| Select group | 52 |
| Assign group | 21 |
| Misc. action | 21 |
| Use ability | 16 |
| Remove unit | 13 |
| Chat | 4 |



| Scroll of Regeneration | 2 | 200 |
| Ivory Tower | 2 | 80 |
| Staff of Sanctuary | 3 | 750 |
| Orb of Fire | 1 | 325 |
| Staff of Teleportation | 3 | 450 |
| Boots of Speed | 3 | 750 |
| Periapt of Vitality | 2 | 650 |
| Orb of Corruption | 1 | 375 |
| Gloves of Haste | 1 | 125 |
| Ring of Protection +4 | 2 | 600 |
| Claws of Attack +12 | 1 | 500 |
| Medallion of Courage | 1 | 500 |
| total: | 22 | 5305g |
| Peasant | 20 | 1500 | / | 0 |
| Goblin Shredder | 1 | 375 | / | 100 |
| Goblin Zeppelin | 1 | 240 | / | 60 |
| total: | 22 | 2115g | / | 160w |
| Scout Tower | 104 | 3120 | / | 2080 |
| Guard Tower | 53 | 3710 | / | 2650 |
| Altar of Kings | 2 | 360 | / | 100 |
| Farm | 11 | 880 | / | 220 |
| Lumber Mill | 2 | 240 | / | 0 |
| Arcane Vault | 1 | 130 | / | 30 |
| Town Hall | 2 | 770 | / | 410 |
| Arcane Sanctum | 1 | 150 | / | 140 |
| Keep | 1 | 320 | / | 210 |
| Castle | 1 | 360 | / | 210 |
| total: | 123 | 5650g | / | 2980w |
| 0:01 | Peasant |
| 0:05 | Altar of Kings |
| 0:15 | Peasant |
| 0:18 | Farm |
| 0:20 | Peasant |
| 0:29 | Peasant |
| 0:52 | Lumber Mill |
| 0:54 | Peasant |
| 1:03 | Scout Tower |
| 1:04 | Peasant |
| 1:12 | Peasant |
| 1:30 | Farm |
| 1:31 | Farm |
| 1:33 | Scout Tower |
| 1:38 | Scout Tower |
| 1:38 | Scout Tower |
| 1:39 | Peasant |
| 1:53 | Peasant |
| 2:00 | Guard Tower |
| 2:14 | Scout Tower |
| 2:18 | Summon Water Elemental |
| 2:30 | Guard Tower |
| 2:42 | Guard Tower |
| 2:53 | Guard Tower |
| 2:58 | Farm |
| 3:27 | Farm |
| 3:37 | Peasant |
| 3:38 | Peasant |
| 3:57 | Improved Masonry |
| 3:59 | Peasant |
| 4:19 | Scout Tower |
| 4:54 | Peasant |
| 4:56 | Guard Tower |
| 4:57 | Scout Tower |
| 4:58 | Scout Tower |
| 4:59 | Scout Tower |
| 5:00 | Scout Tower |
| 5:02 | Staff of Teleportation |
| 5:06 | Boots of Speed |
| 5:28 | Guard Tower |
| 5:31 | Keep |
| 5:44 | Scout Tower |
| 5:44 | Scout Tower |
| 5:45 | Scout Tower |
| 5:55 | Guard Tower |
| 6:08 | Scout Tower |
| 6:09 | Scout Tower |
| 6:17 | Arcane Vault |
| 6:37 | Guard Tower |
| 6:43 | Guard Tower |
| 6:44 | Scout Tower |
| 6:45 | Scout Tower |
| 6:45 | Scout Tower |
| 6:51 | Brilliance Aura |
| 7:13 | Guard Tower |
| 7:14 | Scout Tower |
| 7:15 | Scout Tower |
| 7:15 | Scout Tower |
| 7:16 | Scout Tower |
| 7:48 | Farm |
| 8:21 | Guard Tower |
| 8:30 | Summon Water Elemental |
| 8:36 | Scout Tower |
| 8:37 | Scout Tower |
| 8:37 | Scout Tower |
| 8:38 | Scout Tower |
| 8:38 | Scout Tower |
| 8:39 | Scout Tower |
| 8:41 | Scout Tower |
| 8:41 | Scout Tower |
| 8:42 | Scout Tower |
| 8:44 | Scout Tower |
| 8:45 | Scout Tower |
| 8:53 | Peasant |
| 8:53 | Peasant |
| 8:55 | Improved Lumber Harvesting |
| 9:34 | Storm Bolt |
| 9:42 | Guard Tower |
| 9:47 | Peasant |
| 9:47 | Peasant |
| 9:56 | Guard Tower |
| 10:03 | Peasant |
| 10:11 | Scroll of Regeneration |
| 10:19 | Guard Tower |
| 10:31 | Goblin Shredder |
| 10:46 | Guard Tower |
| 10:54 | Guard Tower |
| 11:18 | Guard Tower |
| 11:27 | Scout Tower |
| 11:29 | Scout Tower |
| 11:38 | Castle |
| 12:01 | Guard Tower |
| 12:03 | Scout Tower |
| 12:16 | Guard Tower |
| 12:23 | Advanced Masonry |
| 12:29 | Scout Tower |
| 12:31 | Scout Tower |
| 12:32 | Scout Tower |
| 12:37 | Town Hall |
| 12:53 | Scroll of Regeneration |
| 12:55 | Ivory Tower |
| 12:56 | Ivory Tower |
| 13:03 | Guard Tower |
| 13:04 | Scout Tower |
| 13:09 | Guard Tower |
| 13:25 | Guard Tower |
| 13:29 | Scout Tower |
| 13:31 | Scout Tower |
| 13:45 | Guard Tower |
| 13:59 | Bash |
| 14:03 | Guard Tower |
| 14:06 | Scout Tower |
| 14:06 | Scout Tower |
| 14:18 | Imbued Masonry |
| 14:55 | Guard Tower |
| 15:31 | Brilliance Aura |
| 15:39 | Scout Tower |
| 16:08 | Holy Light |
| 16:13 | Guard Tower |
| 16:34 | Advanced Lumber Harvesting |
| 16:39 | Staff of Sanctuary |
| 16:49 | Scout Tower |
| 16:49 | Scout Tower |
| 16:50 | Scout Tower |
| 16:50 | Scout Tower |
| 17:28 | Guard Tower |
| 17:29 | Scout Tower |
| 17:30 | Scout Tower |
| 17:39 | Orb of Fire |
| 17:44 | Scout Tower |
| 17:45 | Scout Tower |
| 17:54 | Blizzard |
| 17:55 | Blizzard |
| 17:55 | Brilliance Aura |
| 18:00 | Guard Tower |
| 18:03 | Scout Tower |
| 18:03 | Scout Tower |
| 18:20 | Scout Tower |
| 18:22 | Scout Tower |
| 18:23 | Scout Tower |
| 18:29 | Scout Tower |
| 18:29 | Scout Tower |
| 19:00 | Guard Tower |
| 19:34 | Arcane Sanctum |
| 19:45 | Guard Tower |
| 20:21 | Scout Tower |
| 20:25 | Scout Tower |
| 20:52 | Guard Tower |
| 20:56 | Magic Sentry |
| 20:58 | Guard Tower |
| 20:59 | Scout Tower |
| 21:00 | Scout Tower |
| 21:28 | Guard Tower |
| 21:51 | Staff of Sanctuary |
| 22:05 | Guard Tower |
| 23:28 | Scout Tower |
| 24:06 | Peasant |
| 24:06 | Peasant |
| 25:00 | Gloves of Haste |
| 25:12 | Altar of Kings |
| 25:38 | Staff of Teleportation |
| 25:39 | Boots of Speed |
| 25:40 | Boots of Speed |
| 25:58 | Scout Tower |
| 25:58 | Scout Tower |
| 25:59 | Scout Tower |
| 25:59 | Scout Tower |
| 26:13 | Ring of Protection +4 |
| 26:44 | Farm |
| 27:20 | Lumber Mill |
| 28:50 | Blizzard |
| 29:13 | Guard Tower |
| 29:16 | Scout Tower |
| 29:17 | Scout Tower |
| 29:18 | Scout Tower |
| 29:19 | Scout Tower |
| 30:07 | Claws of Attack +12 |
| 30:33 | Guard Tower |
| 31:05 | Guard Tower |
| 31:29 | Staff of Teleportation |
| 31:45 | Farm |
| 31:46 | Farm |
| 32:01 | Scout Tower |
| 32:01 | Scout Tower |
| 32:02 | Scout Tower |
| 32:02 | Scout Tower |
| 32:03 | Scout Tower |
| 32:07 | Scout Tower |
| 32:08 | Scout Tower |
| 32:08 | Scout Tower |
| 32:09 | Scout Tower |
| 32:10 | Scout Tower |
| 32:59 | Divine Shield |
| 33:02 | Guard Tower |
| 33:17 | Farm |
| 33:18 | Farm |
| 33:44 | Guard Tower |
| 34:26 | Guard Tower |
| 35:12 | Orb of Corruption |
| 35:46 | Town Hall |
| 36:13 | Storm Bolt |
| 36:49 | Scout Tower |
| 36:49 | Scout Tower |
| 36:50 | Scout Tower |
| 38:00 | Mass Teleport |
| 38:03 | Holy Light |
| 39:06 | Bash |
| 39:53 | Guard Tower |
| 39:54 | Guard Tower |
| 39:57 | Scout Tower |
| 40:00 | Scout Tower |
| 40:00 | Scout Tower |
| 40:01 | Scout Tower |
| 40:31 | Guard Tower |
| 40:33 | Scout Tower |
| 40:35 | Scout Tower |
| 40:35 | Scout Tower |
| 40:36 | Scout Tower |
| 40:36 | Scout Tower |
| 40:37 | Scout Tower |
| 40:37 | Scout Tower |
| 40:56 | Scout Tower |
| 40:57 | Scout Tower |
| 40:57 | Scout Tower |
| 41:18 | Guard Tower |
| 41:55 | Divine Shield |
| 42:04 | Guard Tower |
| 43:51 | Guard Tower |
| 44:05 | Scout Tower |
| 44:06 | Scout Tower |
| 44:07 | Scout Tower |
| 44:07 | Scout Tower |
| 44:19 | Brilliance Aura |
| 44:39 | Goblin Zeppelin |
| 46:11 | Storm Bolt |
| 46:19 | Holy Light |
| 46:29 | Guard Tower |
| 47:28 | Guard Tower |
| 49:50 | Avatar |
| 50:48 | Summon Water Elemental |
| 50:49 | Divine Shield |
| 54:12 | Ring of Protection +4 |
| 54:20 | Medallion of Courage |
| 56:30 | Bash |
| 57:03 | Staff of Sanctuary |
| 60:02 | Devotion Aura |
| 62:29 | Periapt of Vitality |
| 63:02 | Periapt of Vitality |
| 65:39 | Summon Water Elemental |
| Right click | 3990 |
| Select | 2079 |
| Select group | 1271 |
| Assign group | 390 |
| Build/train/purchase | 240 |
| Use ability | 212 |
| Chat | 43 |
| Misc. action | 41 |
| Item give/drop | 24 |
| Minimap ping | 14 |



x1)
| Scroll of Regeneration | 1 | 100 |
| Staff of Sanctuary | 3 | 750 |
| Potion of Healing | 2 | 300 |
| Potion of Mana | 1 | 200 |
| Staff of Teleportation | 3 | 450 |
| Boots of Speed | 3 | 750 |
| Tome of Retraining | 1 | 300 |
| Orb of Corruption | 3 | 1125 |
| Legion Doom-Horn | 1 | 500 |
| Pendant of Energy | 1 | 300 |
| Ancient Janggo of Endurance | 1 | 500 |
| total: | 20 | 5275g |
| Peasant | 15 | 1125 | / | 0 |
| Priest | 2 | 270 | / | 20 |
| Dragonhawk Rider | 8 | 1600 | / | 240 |
| Goblin Shredder | 1 | 375 | / | 100 |
| total: | 26 | 3370g | / | 360w |
| Scout Tower | 121 | 3630 | / | 2420 |
| Arcane Tower | 15 | 1050 | / | 750 |
| Guard Tower | 58 | 4060 | / | 2900 |
| Altar of Kings | 1 | 180 | / | 50 |
| Farm | 17 | 1360 | / | 340 |
| Lumber Mill | 1 | 120 | / | 0 |
| Arcane Vault | 2 | 260 | / | 60 |
| Town Hall | 3 | 1155 | / | 615 |
| Blacksmith | 1 | 140 | / | 60 |
| Barracks | 1 | 160 | / | 60 |
| Gryphon Aviary | 2 | 280 | / | 300 |
| Arcane Sanctum | 1 | 150 | / | 140 |
| Keep | 1 | 320 | / | 210 |
| Castle | 1 | 360 | / | 210 |
| total: | 150 | 7435g | / | 4045w |
| 0:01 | Peasant |
| 0:02 | Peasant |
| 0:13 | Altar of Kings |
| 0:22 | Farm |
| 0:26 | Peasant |
| 0:31 | Peasant |
| 0:36 | Scout Tower |
| 0:37 | Farm |
| 0:44 | Peasant |
| 1:09 | Lumber Mill |
| 1:11 | Peasant |
| 1:17 | Scout Tower |
| 1:19 | Peasant |
| 1:21 | Peasant |
| 1:30 | Peasant |
| 1:34 | Scout Tower |
| 1:35 | Peasant |
| 1:36 | Peasant |
| 1:44 | Arcane Tower |
| 1:58 | Peasant |
| 2:13 | Guard Tower |
| 2:15 | Arcane Tower |
| 2:20 | Blizzard |
| 2:27 | Scout Tower |
| 2:27 | Peasant |
| 2:28 | Peasant |
| 2:44 | Scout Tower |
| 2:56 | Guard Tower |
| 2:57 | Scout Tower |
| 3:17 | Guard Tower |
| 3:20 | Scout Tower |
| 3:26 | Guard Tower |
| 3:35 | Brilliance Aura |
| 3:57 | Scout Tower |
| 3:57 | Scout Tower |
| 3:58 | Scout Tower |
| 3:58 | Scout Tower |
| 4:01 | Keep |
| 4:14 | Staff of Teleportation |
| 4:14 | Boots of Speed |
| 5:00 | Guard Tower |
| 5:04 | Guard Tower |
| 5:04 | Guard Tower |
| 5:07 | Scout Tower |
| 5:11 | Farm |
| 5:12 | Farm |
| 5:21 | Guard Tower |
| 5:29 | Scout Tower |
| 5:30 | Scout Tower |
| 5:30 | Scout Tower |
| 5:31 | Scout Tower |
| 5:31 | Scout Tower |
| 5:32 | Scout Tower |
| 5:32 | Scout Tower |
| 5:33 | Scout Tower |
| 5:33 | Scout Tower |
| 5:40 | Guard Tower |
| 6:04 | Improved Masonry |
| 6:07 | Guard Tower |
| 7:23 | Guard Tower |
| 7:23 | Guard Tower |
| 7:33 | Guard Tower |
| 7:37 | Arcane Vault |
| 7:47 | Advanced Masonry |
| 8:31 | Storm Bolt |
| 8:36 | Blizzard |
| 8:45 | Town Hall |
| 8:50 | Scout Tower |
| 8:51 | Scout Tower |
| 8:51 | Scout Tower |
| 8:51 | Scout Tower |
| 8:52 | Scout Tower |
| 8:52 | Scout Tower |
| 9:21 | Improved Lumber Harvesting |
| 9:27 | Castle |
| 9:52 | Boots of Speed |
| 9:52 | Staff of Teleportation |
| 9:56 | Guard Tower |
| 10:01 | Arcane Tower |
| 10:16 | Scroll of Regeneration |
| 10:19 | Guard Tower |
| 10:27 | Scout Tower |
| 10:28 | Guard Tower |
| 10:51 | Arcane Vault |
| 10:53 | Bash |
| 11:13 | Goblin Shredder |
| 11:17 | Guard Tower |
| 11:23 | Scout Tower |
| 12:03 | Staff of Sanctuary |
| 12:13 | Staff of Sanctuary |
| 12:46 | Holy Light |
| 13:13 | Staff of Teleportation |
| 13:13 | Boots of Speed |
| 13:26 | Guard Tower |
| 13:28 | Scout Tower |
| 13:28 | Scout Tower |
| 13:29 | Scout Tower |
| 13:29 | Scout Tower |
| 13:34 | Scout Tower |
| 13:34 | Scout Tower |
| 13:35 | Scout Tower |
| 13:36 | Scout Tower |
| 13:37 | Scout Tower |
| 13:37 | Scout Tower |
| 13:38 | Scout Tower |
| 14:18 | Guard Tower |
| 14:25 | Scout Tower |
| 14:26 | Scout Tower |
| 14:26 | Scout Tower |
| 14:27 | Scout Tower |
| 14:27 | Scout Tower |
| 14:32 | Guard Tower |
| 14:37 | Scout Tower |
| 14:38 | Scout Tower |
| 14:38 | Scout Tower |
| 14:39 | Scout Tower |
| 15:07 | Guard Tower |
| 15:10 | Guard Tower |
| 15:13 | Imbued Masonry |
| 15:26 | Legion Doom-Horn |
| 15:41 | Scout Tower |
| 15:42 | Scout Tower |
| 15:43 | Scout Tower |
| 15:44 | Scout Tower |
| 16:06 | Guard Tower |
| 16:09 | Staff of Sanctuary |
| 16:14 | Guard Tower |
| 16:15 | Scout Tower |
| 16:16 | Scout Tower |
| 16:16 | Scout Tower |
| 16:16 | Scout Tower |
| 16:26 | Tome of Retraining |
| 16:26 | Retrain Hero |
| 17:06 | Brilliance Aura |
| 17:25 | Divine Shield |
| 17:29 | Potion of Healing |
| 17:35 | Arcane Tower |
| 17:35 | Arcane Tower |
| 17:36 | Arcane Tower |
| 17:39 | Scout Tower |
| 17:39 | Scout Tower |
| 17:40 | Scout Tower |
| 17:40 | Scout Tower |
| 17:41 | Scout Tower |
| 17:41 | Scout Tower |
| 17:42 | Scout Tower |
| 17:42 | Scout Tower |
| 18:07 | Guard Tower |
| 18:10 | Scout Tower |
| 18:13 | Scout Tower |
| 18:17 | Scout Tower |
| 18:18 | Scout Tower |
| 18:20 | Scout Tower |
| 18:21 | Scout Tower |
| 18:21 | Scout Tower |
| 18:22 | Scout Tower |
| 18:23 | Scout Tower |
| 18:29 | Orb of Corruption |
| 18:41 | Guard Tower |
| 18:43 | Scout Tower |
| 18:47 | Gryphon Aviary |
| 18:48 | Blacksmith |
| 18:50 | Barracks |
| 18:52 | Farm |
| 19:04 | Storm Bolt |
| 20:23 | Arcane Sanctum |
| 20:24 | Guard Tower |
| 20:29 | Scout Tower |
| 20:54 | Scout Tower |
| 20:55 | Scout Tower |
| 20:56 | Scout Tower |
| 20:57 | Scout Tower |
| 20:57 | Scout Tower |
| 20:58 | Scout Tower |
| 20:58 | Scout Tower |
| 20:59 | Scout Tower |
| 21:52 | Magic Sentry |
| 21:53 | Priest |
| 21:54 | Priest |
| 21:55 | Backpack |
| 22:00 | Dragonhawk Rider |
| 22:00 | Dragonhawk Rider |
| 22:12 | Arcane Tower |
| 22:12 | Arcane Tower |
| 22:14 | Scout Tower |
| 22:14 | Scout Tower |
| 22:17 | Guard Tower |
| 23:26 | Potion of Healing |
| 23:28 | Potion of Mana |
| 24:19 | Guard Tower |
| 24:41 | Guard Tower |
| 24:44 | Scout Tower |
| 24:45 | Scout Tower |
| 24:45 | Scout Tower |
| 24:46 | Scout Tower |
| 24:46 | Scout Tower |
| 24:47 | Scout Tower |
| 24:49 | Dragonhawk Rider |
| 24:53 | Animal War Training |
| 24:54 | Studded Leather Armor |
| 25:01 | Priest Adept Training |
| 25:19 | Pendant of Energy |
| 25:20 | Ancient Janggo of Endurance |
| 25:25 | Arcane Tower |
| 25:35 | Orb of Corruption |
| 25:45 | Guard Tower |
| 25:45 | Guard Tower |
| 25:49 | Scout Tower |
| 25:49 | Scout Tower |
| 25:50 | Scout Tower |
| 25:50 | Scout Tower |
| 25:50 | Scout Tower |
| 25:51 | Scout Tower |
| 25:52 | Scout Tower |
| 25:52 | Scout Tower |
| 25:57 | Guard Tower |
| 26:18 | Guard Tower |
| 26:20 | Scout Tower |
| 26:20 | Scout Tower |
| 26:35 | Guard Tower |
| 26:41 | Guard Tower |
| 26:47 | Guard Tower |
| 26:50 | Scout Tower |
| 27:18 | Dragonhawk Rider |
| 27:59 | Holy Light |
| 28:18 | Guard Tower |
| 28:54 | Guard Tower |
| 29:31 | Scout Tower |
| 29:32 | Scout Tower |
| 29:32 | Scout Tower |
| 29:33 | Scout Tower |
| 29:33 | Scout Tower |
| 29:34 | Scout Tower |
| 29:35 | Scout Tower |
| 29:35 | Scout Tower |
| 29:35 | Scout Tower |
| 29:59 | Guard Tower |
| 30:03 | Scout Tower |
| 30:03 | Scout Tower |
| 30:04 | Scout Tower |
| 30:04 | Scout Tower |
| 30:05 | Scout Tower |
| 30:05 | Scout Tower |
| 30:05 | Scout Tower |
| 30:06 | Scout Tower |
| 30:06 | Scout Tower |
| 30:09 | Reinforced Leather Armor |
| 30:11 | Iron Forged Swords |
| 30:12 | Cloud |
| 30:40 | Bash |
| 31:27 | Guard Tower |
| 31:50 | Guard Tower |
| 31:51 | Guard Tower |
| 32:01 | Guard Tower |
| 32:12 | Dragonhawk Rider |
| 32:34 | Guard Tower |
| 33:03 | Orb of Corruption |
| 34:16 | Guard Tower |
| 34:29 | Gryphon Aviary |
| 34:31 | Farm |
| 34:33 | Farm |
| 34:34 | Farm |
| 34:36 | Farm |
| 34:37 | Farm |
| 34:37 | Farm |
| 34:38 | Dragonhide Armor |
| 35:07 | Divine Shield |
| 36:20 | Blizzard |
| 38:11 | Storm Bolt |
| 39:07 | Farm |
| 39:08 | Farm |
| 39:08 | Farm |
| 40:13 | Farm |
| 40:14 | Farm |
| 40:15 | Farm |
| 40:51 | Dragonhawk Rider |
| 41:47 | Mass Teleport |
| 42:00 | Dragonhawk Rider |
| 42:14 | Holy Light |
| 42:48 | Dragonhawk Rider |
| 43:39 | Avatar |
| 47:18 | Divine Shield |
| 50:36 | Brilliance Aura |
| 54:14 | Bash |
| 56:19 | Devotion Aura |
| 57:29 | Town Hall |
| 58:14 | Town Hall |
| 59:43 | Summon Water Elemental |
| 59:56 | Peasant |
| 62:47 | Priest Master Training |
| 65:38 | Thunder Clap |
| Right click | 6830 |
| Select | 1591 |
| Select group | 1574 |
| Build/train/purchase | 431 |
| Use ability | 383 |
| Chat | 167 |
| Misc. action | 46 |
| Minimap ping | 36 |
| Assign group | 20 |
| Item give/drop | 20 |
| Remove unit | 1 |
⇛